 Dungeon Crawl Stone Soup version 0.29-a0-857-g9b1aa3ac5b (webtiles) character file.

Game seed: 231568513634274517

1 MisterAzrael the Magician (level 1, -2/10 HPs)
             Began as a Deep Elf Hedge Wizard on July 16, 2022.
             Slain by a goblin
             ... wielding a +0 dagger
              (3 damage)
             ... on level 1 of the Dungeon.
             The game lasted 00:00:24 (110 turns).

MisterAzrael the Magician (Deep Elf Hedge Wizard)    Turns: 110, Time: 00:00:24

Health: -2/10      AC:  2    Str:  7    XL:     1   Next: 16%
Magic:  7/7        EV: 12    Int: 18    God:
Gold:   0          SH:  0    Dex: 14    Spells: 6/8 levels left

rFire   . . .      SeeInvis .   f - +2 short sword (protect)
rCold   . . .      Faith    .   (no shield)
rNeg    . . .      Spirit   .   b - +0 robe
rPois   .          Reflect  .   c - +0 hat
rElec   .          Harm     .   (no cloak)
rCorr   .          Rampage  .   (no gloves)
Will    .....                   (no boots)
Stlth   ++........              (no amulet)
HPRegen 0.03/turn               (no ring)
MPRegen 0.10/turn               (no ring)

@: no status effects
A: no striking features
a: no special abilities


You were on level 1 of the Dungeon.
You visited 1 branch of the dungeon, and saw 1 of its levels.

Inventory:

Hand Weapons
 a - a +0 dagger
 f - a +2 short sword of protection (weapon)
Armour
 b - a +0 robe (worn)
 c - a +0 hat (worn)
Jewellery
 g - a ring of flight
Scrolls
 e - a scroll of identify {unknown}
Potions
 d - a potion of magic


   Skills:
 + Level 2.4 Dodging
 + Level 2.4 Stealth
 + Level 4.4 Spellcasting
 + Level 1.1 Conjurations
 + Level 1.1 Summonings
 + Level 1.1 Translocations


You had 6 spell levels left.
You knew the following spells:

 Your Spells              Type           Power      Damage    Failure   Level
a - Magic Dart            Conj           32%        1d4       9%          1
b - Slow                  Hex            12%        N/A       14%         1

Your spell library contained the following spells:

 Spells                   Type           Power      Damage    Failure   Level
 Blink                    Tloc           16%        N/A       13%         2
 Call Imp                 Summ           8%         N/A       14%         2
 Conjure Flame            Conj/Fire      5%         6-21      34%         3
 Mephitic Cloud           Conj/Pois/Air  5%         N/A       36%         3


Dungeon Overview and Level Annotations

Branches:
Dungeon (1/15)

Altars:

Shops:
D:1 (*


Message History

The quokka bites you but does no damage.
The kobold hits you but does no damage. The goblin hits you but does no damage.
The quokka bites you.
You hit the kobold.
You kill the kobold!
The goblin closely misses you.
The quokka bites you but does no damage.
You barely miss the goblin. The goblin hits you but does no damage.
The quokka barely misses you. The goblin hits you but does no damage.
The goblin misses you. The goblin barely misses you.
You hit the goblin.
The goblin is severely wounded.
The quokka bites you but does no damage.
The goblin closely misses you. The goblin completely misses you.
The goblin hits you but does no damage.
You barely miss the goblin.
The goblin is severely wounded.
The quokka closely misses you. The goblin hits you but does no damage.
The goblin closely misses you.
The quokka bites you but does no damage.
The goblin barely misses you.
You closely miss the goblin.
The goblin is severely wounded.
The quokka closely misses you. The goblin hits you but does no damage.
The goblin hits you with a +0 dagger. The goblin hits you but does no damage.
You barely miss the goblin.
The goblin is severely wounded.
The quokka bites you.
The goblin hits you but does no damage. x3
You barely miss the goblin.
The goblin is severely wounded.
The quokka closely misses you. The goblin hits you with a +0 dagger.
The goblin hits you with a +0 club.
* * * LOW HITPOINT WARNING * * *
The goblin misses you. The quokka barely misses you.
The quokka attacks as you move away! The quokka closely misses you.
The goblin attacks as you move away!
The goblin hits you but does no damage. x2
The goblin hits you with a +0 dagger.
* * * LOW HITPOINT WARNING * * *
The goblin attacks as you move away! The goblin hits you with a +0 dagger.
You die...

.∩. .. (. .... #
##. .# ..
#..#.#.# ###.#...
#..r#.#####.
#.ggg...!...
#.#@.....###
#...........
####(######
######## #.#..#
#....... #.#..#
#....... #.#..#
###'#### #.#..#
#.#####
#.##'#######.#...
#......>.##.##.>.


You could see a quokka and 3 goblins.

Vanquished Creatures
  A bat (D:1)
  A kobold (D:1)
2 creatures vanquished.

Notes
Turn   | Place    | Note
-------+----------+-------------------------------------------
     0 | D:1      | MisterAzrael the Deep Elf Hedge Wizard began the quest for
                  | the Orb.
     0 | D:1      | Reached XP level 1. HP: 10/10 MP: 7/7
     5 | D:1      | Learned a level 1 spell: Slow
    98 | D:1      | Found Ojeekyhe's Weapon Shop.
   110 | D:1      | Slain by a goblin

Illustrated notes

Levels and vault maps discovered:
D:1:      dpeg_arrival_connections, layout_basic, serial_shops,
          nicolae_shop_bloodbath_and_beyond, shop, nicolae_shop_window_shopping,
          dreamdust_ecumenical_altar_grove

Action                   || total
-------------------------++-------
Melee: Short sword       ||    10
 Cast: Magic Dart        ||     2
       Slow              ||     1
Armor: Robe              ||    18
Dodge: Dodged            ||    19

Table legend: (Time is in decaauts)
 A = Elapsed time spent in this place.
 B = Non-inter-level travel time spent in this place.
 C = Inter-level travel time spent in this place.
 D = Time resting spent in this place.
 E = Time spent auto-exploring this place.
 F = Levels seen in this place.
 G = Mean time per level.
                   A        B        C        D        E       F      G
               +--------+--------+--------+--------+--------+-----+--------+
         Total |    110 |    110 |      0 |      0 |     74 |   1 |  110.0 |
       Dungeon |    110 |    110 |      0 |      0 |     74 |   1 |  110.0 |
               +--------+--------+--------+--------+--------+-----+--------+

Top non-repeatable levels by time:
     D:1: 110 daAuts
